AoeStats
← willrhyd

Pilgrims

508678911Analyzed
3v3 RM · 8d ago on Sep 23, 2026· 16m 27s· 6 players
Game mode
Random Map
Map size
Normal (6 player)
Population
200
Speed
Normal
Resources
Standard
Victory
Conquest
Starting age
Dark Age
Ending age
Imperial Age
RankedLock teamsTeams togetherTeam positionsShared explorationLock speedFull tech treeHidden civsTurbo modeCheats
Victory
Defeat
🇬🇧 Celts · United Kingdom
1373
+16
🇲🇽 Persians · Mexico
1341
+17
🇻🇳 Malay · Vietnam
1328
+18
🇩🇪 Armenians · Germany
1398
-17
🇩🇪 Britons · Germany
1361
-17
🇩🇪 Persians · Germany
1360
-17
luislm6621
4:11 Loom
9:00 Feudal Age
9:53 Double-Bit Axe
10:08 Town Watch
17:29 Castle Age
willrhyd
8:03 Loom
9:51 Feudal Age
13:43 Castle Age
12:02 Fishing Lines
12:41 Scale Mail Armor
13:01 Double-Bit Axe
13:55 Loom
14:32 Forging
14:47 Bow Saw
NPChinh
8:59 Feudal Age
9:36 Wheelbarrow
10:23 Fishing Lines
11:09 Double-Bit Axe
12:34 Loom
Fürst Zono
7:41 Loom
10:11 Feudal Age
14:17 Castle Age
14:12 Fletching
15:31 Medium Warships
15:24 Bodkin Arrow
I love Koreans
3:25 Loom
10:21 Feudal Age
11:28 Double-Bit Axe
11:37 Fletching
16:13 Wheelbarrow
I hate Goths
3:54 Loom
10:41 Feudal Age
19:02 Castle Age
Connection lost

Rejoining the realm…

Still unreachable

The connection could not be restored.

Session expired

The server has moved on; the page needs a fresh start.